 Dungeon Crawl Stone Soup version 0.21.1-1-g345015f (webtiles) character file.

108682 pk666 the Severer (level 16, -12/220 HPs)
             Began as a Minotaur Berserker on Feb 5, 2018.
             Was an Elder of Trog.
             Mangled by a hellephant (17 damage)
             ... on level 3 of the Abyss.
             The game lasted 01:40:39 (27371 turns).

pk666 the Severer (Minotaur Berserker)             Turns: 27371, Time: 01:40:43

Health: -12/220    AC: 36    Str: 37    XL:     16   Next: 3%
Magic:  15/15      EV: 14    Int:  7    God:    Trog [****..]
Gold:   372        SH:  8    Dex: 11    Spells: 15/15 levels left

rFire    + . .     SeeInvis .   a - +8 mithril axe "Arga" {speed, MR+}
rCold    . . .     Gourm    .   (no shield)
rNeg     . . .     Faith    .   V - +15 Maxwell's patent armour {-Cast -Tele rElec MR+ rCorr}
rPois    .         Spirit   .   U - +2 hat {Int+3}
rElec    +         Reflect  +   l - +0 cloak
rCorr    +         Harm     .   p - +0 pair of gloves
MR       +++..     NoTele   +   (no boots) Stlth ..........NoCast +
                                n - brooch of Shielding {Reflect SH+8}
HPRegen  0.46/turn              d - ring of protection from fire
MPRegen  0.14/turn              R - +4 ring of strength

@: berserking, starving, drained, very quick
A: retaliatory headbutt, horns 2
a: Berserk, Trog's Hand, Brothers in Arms, Burn Spellbooks, Renounce Religion


You were on level 3 of the Abyss.
You worshipped Trog.
Trog was greatly pleased with you.
You were starving.

You visited 5 branches of the dungeon, and saw 25 of its levels.
You visited the Abyss 1 time.
You also visited: Labyrinth and Bailey.

You collected 2493 gold pieces.
You spent 2121 gold pieces at shops.

Inventory:

Hand Weapons
 a - the +8 mithril axe "Arga" (weapon) {speed, MR+}
   (Trog gifted it to you on level 9 of the Dungeon)

   Attacks with this weapon are significantly faster.
   It affects your resistance to hostile enchantments.
 b - a +1 triple crossbow of velocity
Missiles
 j - 460 bolts
Armour
 l - a +0 cloak (worn)
 p - a +0 pair of gloves (worn)
 U - a +2 hat of intelligence (worn)
 V - the +15 Maxwell's patent armour (worn) {-Cast -Tele rElec MR+ rCorr}
   (You found it on level 13 of the Dungeon)

   It insulates you from electricity.
   It affects your resistance to hostile enchantments.
   It prevents spellcasting.
   It prevents most forms of teleportation.
   It protects you from acid and corrosion.
Jewellery
 d - a ring of protection from fire (left hand)
 n - the brooch of Shielding (around neck) {Reflect SH+8}
   (You bought it in a shop on level 2 of the Orcish Mines)

   [amulet of reflection]

   It shields you and reflects attacks.
   It affects your SH (+8).
 R - a +4 ring of strength (right hand)
Wands
 u - a wand of digging (14)
 x - a wand of flame (36)
 B - a wand of iceblast (16)
 D - a wand of polymorph (41)
 I - a wand of scattershot (13)
 Q - a wand of random effects (53)
 X - a wand of paralysis (15)
Scrolls
 g - 12 scrolls of teleportation
 h - 4 scrolls of identify
 m - 6 scrolls of enchant armour
 r - 6 scrolls of magic mapping
 s - 3 scrolls of blinking
 C - 2 scrolls of summoning
 E - 4 scrolls of enchant weapon
 G - 3 scrolls of acquirement
 P - 3 scrolls of remove curse
 T - a scroll of fog
Potions
 e - 5 potions of cancellation
 f - 6 potions of curing
 k - 4 potions of lignification
 w - 2 potions of heal wounds
 z - 2 potions of ambrosia
 F - a potion of might
 M - a potion of resistance
 Y - a potion of invisibility
Comestibles
 c - 54 rations


   Skills:
 + Level 14.9(14.7) Fighting
 + Level 18.6(18.5) Axes
 * Level 13.4(13.2) Crossbows
 + Level 14.7(14.5) Armour
 + Level 12.0(11.9) Dodging


You had 15 spell levels left.
You didn't know any spells.

Dungeon Overview and Level Annotations

Branches:
Dungeon (15/15)            Temple (1/1) D:7            Lair (6/6) D:8
 Shoals (1/4) Lair:2        Snake (0/4) Lair:2        Slime (0/5) Lair:5
    Orc (2/2) D:12            Elf (0/3) Orc:2        Vaults (0/5) D:14
 Depths (0/5) D:15

Altars:
Cheibriados
Elyvilon
Fedhas
Kikubaaqudgha
Okawaru
Qazlal
Ru
Vehumet
Xom
Beogh

Shops:
D:4 (   D:5 *   D:10 [   D:12 *[   D:13 [   Orc:1 !   Orc:2 =([*


Innate Abilities, Weirdness & Mutations

You reflexively headbutt those who attack you in melee.
You have a pair of horns on your head.


Message History

The hellephant completely misses you. You furiously retaliate!
You headbutt the hellephant!
The hellephant bites you but does no damage.
The hellephant gores you but does no damage.
You block the purple draconian shifter's attack.
You closely miss the hellephant.
The hellephant is moderately wounded.
You closely miss the purple draconian shifter.
You hit the dire elephant but do no damage.
You hit the hellephant but do no damage.
Your headbutt misses the hellephant.
The hellephant is moderately wounded.
You miss the purple draconian shifter. You slash the dire elephant!
You closely miss the hellephant. Your headbutt misses the hellephant.
The hellephant is moderately wounded.
You miss the purple draconian shifter. You slice the dire elephant!!
You kill the dire elephant!
Trog accepts your kill. The hellephant tramples you!
You die...

######
#8qv.#
+@Y_v#
#8..v#
######


You could see a hellephant, a purple draconian shifter and 3 spatial vortices.

Vanquished Creatures
  Gastronok (Lair:1)
  The ghost of pk666 the Cleaver, a journeyman MiBe of Trog (D:15)
  A dire elephant (Abyss:3)
  An ettin (Orc:1)
  2 fire dragons
  A great orb of eyes (D:14)
  4 vault guards (D:14)
  A minotaur (Lab)
  11 hydras
  The ghost of letownia3 the Fighter, a journeyman DsWz of Gozag (Lair:2)
  A catoblepas (Lair:6)
  6 two-headed ogres
  7 centaur warriors
  A queen ant (Lair:3)
  A vampire mage (D:15)
  5 orc high priests
  Nergalle (Orc:1)
  A fire crab (Lair:6)
  A skeletal warrior (D:15)
  7 unseen horrors
  A spatial maelstrom (Abyss:3)
  A wizard (D:11)
  A lindwurm (Lair:6)
  A necromancer (D:15)
  3 large abominations (D:11)
  7 orc knights
  6 manticores
  4 ugly things (D:12)
  A deep elf mage (D:14)
  2 oklob plants
  A faun (Shoals:1)
  5 orc sorcerers
  4 cyclopes
  Joseph (D:8)
  15 elephants
  7 black mambas
  A stone giant skeleton (D:15)
  The ghost of inmateoo the Slasher, a novice GnWn of Gozag (D:4)
  A merfolk siren (Shoals:1)
  4 torpor snails (Lair:1)
  Psyche (D:9)
  2 molten gargoyles (Lair:6)
  10 rime drakes
  2 gargoyles
  12 spiny frogs
  10 komodo dragons
  4 kobold demonologists
  A guardian mummy (D:15)
  2 trolls
  Prince Ribbit (D:7)
  A hornet (D:14)
  12 blink frogs
  3 slime creatures (D:15)
  A deep troll zombie (D:15)
  An ettin zombie (D:15)
  8 hippogriffs
  A tarantella (shapeshifter) (D:15)
  An elf zombie (D:15)
  A wraith (D:13)
  A shadow (D:12)
  2 vampires
  7 wyverns
  35 yaks
  3 small abominations (D:11)
  6 basilisks
  A human (shapeshifter) (D:13)
  3 hungry ghosts
  4 vampire mosquitoes (D:14)
  11 steam dragons
  3 wargs
  7 soldier ants (Lair:3)
  A naga (Lair:2)
  3 acid dragons
  3 hell hounds (Lair:6)
  Duvessa (D:7)
  10 water moccasins
  4 ice beasts
  9 porcupines
  39 orc warriors
  4 sky beasts
  2 black bears
  A necrophage (D:13)
  4 centaurs
  2 phantoms (D:6)
  3 wolves (Lair:5)
  15 ogres
  13 crocodiles
  15 bullfrogs
  16 big kobolds
  A gnoll sergeant (Orc:1)
  A wyvern skeleton (D:13)
  A water moccasin skeleton (D:10)
  Dowan (D:7)
  7 scorpions
  17 killer bees (D:9)
  2 electric eels (Bailey)
  7 howler monkeys
  4 lava snakes (Lair:6)
  8 crimson imps
  A bullfrog zombie (D:11)
  3 quasits
  6 centaur skeletons
  3 centaur zombies
  6 hounds
  31 orc wizards
  16 orc priests
  3 jellies
  30 worker ants
  Ijyb (D:4)
  4 iguanas
  A hound zombie (D:7)
  2 hound skeletons
  Robin (D:3)
  7 gnolls
  16 adders
  4 shadow imps
  3 oozes
  An adder skeleton (D:7)
  3 worms
  4 dart slugs
  3 leopard geckos
  109 orcs
  6 ball pythons
  6 giant cockroaches
  15 hobgoblins
  15 jackals
  6 quokkas
  6 bats
  4 frilled lizards
  32 goblins
  15 kobolds
  A leopard gecko skeleton (D:4)
  A quokka skeleton (D:5)
  9 rats
  3 bushes (D:13)
  A fungus (Lair:3)
  14 plants (D:13)
  3 withered plants (D:15)
868 creatures vanquished.

Vanquished Creatures (collateral kills)
  A two-headed ogre (D:9)
  A lindwurm (Lair:5)
  A rime drake (Lair:5)
  A queen bee (D:9)
  2 large abominations (D:11)
  A steam dragon (Lair:5)
  4 small abominations (D:11)
  7 killer bees (D:9)
18 creatures vanquished.

Vanquished Creatures (others)
  2 fungi
  14 plants
16 creatures vanquished.

Grand Total: 902 creatures vanquished

Notes
Turn   | Place    | Note
-------+----------+-------------------------------------------
     0 | D:1      | pk666 the Minotaur Berserker began the quest for the Orb.
     0 | D:1      | Reached XP level 1. HP: 19/19 MP: 0/0
   122 | D:1      | Reached skill level 4 in Axes
   122 | D:1      | Reached XP level 2. HP: 16/27 MP: 1/1
   570 | D:1      | Reached ** piety under Trog
   585 | D:1      | Reached XP level 3. HP: 34/34 MP: 2/2
  1582 | D:2      | Found a shimmering altar of Xom.
  1774 | D:2      | Found an ancient bone altar of Kikubaaqudgha.
  2181 | D:3      | Reached skill level 5 in Axes
  2183 | D:3      | Reached XP level 4. HP: 39/41 MP: 3/3
  2266 | D:3      | Found a sacrificial altar of Ru.
  2445 | D:3      | Noticed Robin
  2448 | D:3      | Reached *** piety under Trog
  2453 | D:3      | Killed Robin
  2921 | D:4      | Noticed inmateoo's ghost (novice GnWn)
  2921 | D:4      | Reached skill level 5 in Fighting
  2921 | D:4      | Reached XP level 5. HP: 43/48 MP: 4/4
  2936 | D:4      | Killed inmateoo's ghost
  2936 | D:4      | Reached skill level 7 in Axes
  2936 | D:4      | Reached XP level 6. HP: 52/57 MP: 5/5
  3009 | D:4      | Reached XP level 7. HP: 44/63 MP: 6/6
  3141 | D:4      | Reached skill level 5 in Armour
  3287 | D:4      | Found Mawi's Weapon Emporium.
  3530 | D:4      | Noticed Ijyb
  3543 | D:4      | Killed Ijyb
  3543 | D:4      | Reached skill level 8 in Axes
  4142 | D:5      | Entered Level 5 of the Dungeon
  4562 | D:5      | Reached XP level 8. HP: 71/71 MP: 7/7
  4576 | D:5      | Reached skill level 9 in Axes
  4779 | D:5      | Reached **** piety under Trog
  5001 | D:5      | Found Higei's Humungous Hoard.
  5007 | D:5      | Bought a +0 hat for 60 gold pieces
  5007 | D:5      | Bought a potion of heal wounds for 75 gold pieces
  5157 | D:5      | Reached skill level 10 in Axes
  5423 | D:6      | Found a white marble altar of Elyvilon.
  5529 | D:6      | Reached XP level 9. HP: 54/81 MP: 8/8
  5919 | D:7      | Noticed Dowan
  5937 | D:7      | Killed Dowan
  5970 | D:7      | Noticed Duvessa
  5980 | D:7      | Killed Duvessa
  6216 | D:7      | Found a staircase to the Ecumenical Temple.
  6225 | Temple   | Entered the Ecumenical Temple
  6310 | D:7      | Reached skill level 11 in Axes
  6467 | D:7      | Found an iron altar of Okawaru.
  6529 | D:7      | Noticed Prince Ribbit
  6549 | D:7      | Killed Prince Ribbit
  6654 | D:7      | Reached ***** piety under Trog
  6860 | D:8      | Noticed a kobold demonologist
  6878 | D:8      | Killed a kobold demonologist
  6878 | D:8      | Reached skill level 12 in Axes
  6907 | D:8      | Reached XP level 10. HP: 90/91 MP: 9/9
  6948 | D:8      | Noticed a two-headed ogre
  6958 | D:8      | Killed a two-headed ogre
  7133 | D:8      | Noticed Joseph
  7148 | D:8      | Killed Joseph
  7493 | D:8      | Found a staircase to the Lair.
  7925 | D:9      | Found a stormy altar of Qazlal.
  7932 | D:9      | Received a gift from Trog
  7963 | D:9      | Reached skill level 10 in Fighting
  8310 | D:9      | Noticed a two-headed ogre
  8318 | D:9      | Killed a two-headed ogre
  8318 | D:9      | Reached skill level 5 in Dodging
  8379 | D:9      | Reached skill level 5 in Crossbows
  8387 | D:9      | Paralysed by fainting for 9 turns
  8772 | D:9      | Reached XP level 11. HP: 79/100 MP: 10/10
  8809 | D:9      | Reached skill level 13 in Axes
  9254 | D:9      | Noticed Psyche
  9266 | D:9      | Killed Psyche
  9279 | D:9      | Received a gift from Trog
  9280 | D:9      | Found the +8 mithril axe "Arga" {speed, MR+}
  9510 | D:10     | Entered Level 10 of the Dungeon
  9579 | D:10     | Reached skill level 10 in Armour
  9893 | D:10     | Found Plog's Armour Emporium.
 10436 | D:11     | Found a flagged portal.
 10512 | Bailey   | Entered a bailey
 10566 | Bailey   | Found an iron altar of Okawaru.
 10566 | Bailey   | Noticed an orc sorcerer
 10576 | Bailey   | Killed an orc sorcerer
 10581 | Bailey   | Received a gift from Trog
 11058 | Bailey   | Noticed an orc knight
 11071 | Bailey   | Killed an orc knight
 11907 | D:11     | Noticed a wizard
 11910 | D:11     | Killed a wizard
 11916 | D:11     | Noticed a large abomination
 11925 | D:11     | Killed a large abomination
 11927 | D:11     | Noticed a large abomination
 11940 | D:11     | Killed a large abomination
 11940 | D:11     | Reached XP level 12. HP: 83/110 MP: 11/11
 12281 | D:12     | Received a gift from Trog
 12684 | D:12     | Found Gooquk's Assorted Antiques.
 12935 | D:12     | Found a staircase to the Orcish Mines.
 12937 | D:12     | Found Nyuleiv's Armour Emporium.
 12947 | D:12     | Received a gift from Trog
 13021 | D:12     | Reached skill level 14 in Axes
 13282 | D:12     | Noticed a two-headed ogre
 13291 | D:12     | Killed a two-headed ogre
 13308 | D:12     | Received a gift from Trog
 13312 | D:12     | Noticed a two-headed ogre
 13312 | D:12     | Reached skill level 10 in Crossbows
 13337 | D:12     | Killed a two-headed ogre
 13459 | D:12     | Noticed a centaur warrior
 13474 | D:12     | Killed a centaur warrior
 13816 | D:12     | Found a runed door.
 13816 | D:12     | Found a runed door.
 14054 | D:12     | Noticed a two-headed ogre
 14060 | D:12     | Killed a two-headed ogre
 14060 | D:12     | Reached XP level 13. HP: 107/118 MP: 12/12
 14145 | D:13     | Received a gift from Trog
 14226 | D:13     | Found the +15 Maxwell's patent armour {-Cast -Tele rElec MR+ rCorr}
 14258 | D:13     | Found Yruoff's Armour Emporium.
 14511 | D:13     | Received a gift from Trog
 14567 | D:13     | Found a blossoming altar of Fedhas.
 15358 | D:14     | Reached skill level 15 in Axes
 15418 | D:14     | Found a gate to the Vaults.
 15435 | D:14     | Received a gift from Trog
 15682 | D:14     | Reached ****** piety under Trog
 15682 | D:14     | Received a gift from Trog
 15800 | D:15     | Entered Level 15 of the Dungeon
 15838 | D:15     | Found a staircase to the Depths.
 15857 | D:15     | Noticed a jiangshi
 16237 | D:15     | Received a gift from Trog
 16242 | D:15     | Noticed a jiangshi
 16586 | D:15     | Reached XP level 14. HP: 129/129 MP: 13/13
 16733 | D:15     | Reached skill level 16 in Axes
 16774 | D:15     | Noticed pk666's ghost (journeyman MiBe)
 16790 | D:15     | Killed pk666's ghost
 17434 | D:12     | Reached skill level 10 in Dodging
 17530 | Lair:1   | Entered Level 1 of the Lair of Beasts
 17627 | Lair:1   | Noticed Gastronok
 17635 | Lair:1   | Killed Gastronok
 17697 | Lair:1   | Found a snail-covered altar of Cheibriados.
 18023 | Lair:1   | Received a gift from Trog
 18807 | Lair:2   | Found a staircase to the Shoals.
 18852 | Lair:2   | Found a staircase to the Snake Pit.
 19402 | Lair:2   | Noticed letownia3's ghost (journeyman DsWz)
 19414 | Lair:2   | Killed letownia3's ghost
 20167 | Lair:3   | Reached skill level 17 in Axes
 20244 | Lair:3   | Received a gift from Trog
 20739 | Lair:4   | Received a gift from Trog
 21214 | Lair:4   | Reached XP level 15. HP: 129/138 MP: 14/14
 22737 | Lair:5   | Found a staircase to the Slime Pits.
 22982 | Lair:6   | Entered Level 6 of the Lair of Beasts
 22991 | Lair:6   | Found a labyrinth entrance.
 23001 | Lair:6   | Received a gift from Trog
 23203 | Lab      | Entered a labyrinth
 23954 | Lab      | Got an ancient flail {crush}
 23960 | Lab      | Identified Husao's Guide on Evil Magic
 24382 | Lair:6   | Reached skill level 18 in Axes
 24421 | Lair:6   | Received a gift from Trog
 24496 | Lair:6   | Found a large runed door.
 24496 | Lair:6   | Found a large runed door.
 24500 | Lair:6   | Received a gift from Trog
 24816 | Lair:6   | Found the macabre finger necklace {rN+}
 25142 | Lair:6   | Found a radiant altar of Vehumet.
 25528 | Orc:1    | Entered Level 1 of the Orcish Mines
 25541 | Orc:1    | Received a gift from Trog
 25623 | Orc:1    | Found a roughly hewn altar of Beogh.
 25637 | Orc:1    | Noticed Nergalle
 25654 | Orc:1    | Killed Nergalle
 25722 | Orc:1    | Found Reaskiv's Distillery.
 25855 | Orc:2    | Entered Level 2 of the Orcish Mines
 25890 | Orc:2    | Received a gift from Trog
 26348 | Orc:2    | Found a staircase to the Elven Halls.
 26353 | Orc:2    | Received a gift from Trog
 26988 | Orc:2    | Found Reromaiwk's General Store.
 26988 | Orc:2    | Found Udou's Antique Armour Shoppe.
 26989 | Orc:2    | Found Neburov's Weapon Boutique.
 26989 | Orc:2    | Found Ygoabof's Jewellery Boutique.
 27017 | Orc:2    | Bought the brooch of Shielding {Reflect SH+8} for 1700 gold pieces
 27017 | Orc:2    | Found the brooch of Shielding {Reflect SH+8}
 27027 | Orc:2    | Bought a +1 triple crossbow of velocity for 286 gold pieces
 27342 | Shoals:1 | Entered Level 1 of the Shoals
 27351 | Shoals:1 | Reached XP level 16. HP: 80/147 MP: 15/15
 27356 | Shoals:1 | HP: 4/147 [merfolk impaler/trident of distortion (18)]
 27357 | Shoals:1 | Cast into level 3 of the Abyss (merfolk impaler)
 27357 | Abyss:3  | Found a corrupted altar of Lugonu.
 27358 | Abyss:3  | Noticed a hellephant
 27361 | Abyss:3  | HP: 9/220 [dire elephant (4)]
 27364 | Abyss:3  | HP: 4/220 [dire elephant (7)]
 27371 | Abyss:3  | Mangled by a hellephant

Skill      XL: |  1  2  3  4  5  6  7  8  9 10 11 12 13 14 15 |
---------------+----------------------------------------------+-----
Fighting       | 4 5 6 8 9 10 11 12 13 14 | 14.9
Axes           | 4 5 7 8 10 12 13 14 15 17 18 | 18.6
Armour         | 3 4 5 7 8 9 10 11 12 13 14 | 14.7
Dodging        | 3 5 7 8 9 10 12 | 12.0
Crossbows      | 5 8 10 11 12 13 | 13.4

Action                   |  1- 3 |  4- 6 |  7- 9 | 10-12 | 13-15 | 16-18 || total
-------------------------+-------+-------+-------+-------+-------+-------++-------
Melee: Hand axe          |    80 |       |       |       |       |       ||    80
       Headbutt          |    19 |    13 |    68 |   102 |   298 |     1 ||   501
       War axe           |    24 |    63 |   350 |   206 |       |       ||   643
       Broad axe         |       |       |       |   396 |  1119 |    12 ||  1527
 Fire: Hand crossbow     |       |       |       |     8 |       |       ||     8
       Arbalest          |       |       |       |       |    27 |       ||    27
       Triple crossbow   |       |       |       |       |     8 |       ||     8
Invok: Berserk           |       |     1 |     1 |     4 |     1 |     1 ||     8
       Burn Spellbooks   |       |       |     1 |       |     7 |       ||     8
       Brothers in Arms  |       |       |       |     4 |     1 |     1 ||     6
       Trog's Hand       |       |       |       |     1 |     4 |     1 ||     6
Evoke: Wand              |       |       |       |       |     2 |       ||     2
  Use: Scroll            |       |       |     8 |     3 |    20 |       ||    31
       Potion            |       |       |       |     1 |       |     3 ||     4
 Stab: Invisible         |       |       |       |     1 |       |       ||     1
       Petrified         |       |       |       |       |     6 |       ||     6
       Petrifying        |       |       |       |       |     2 |       ||     2
       Distracted        |       |       |       |       |     1 |       ||     1
  Eat: Chunk             |     4 |     4 |    13 |    27 |    39 |       ||    87
       Ration            |       |       |       |     1 |     2 |       ||     3
Armor: Animal skin       |    10 |       |       |       |       |       ||    10
       Plate armour      |    40 |    35 |   243 |   340 |   630 |    14 ||  1302
Dodge: Dodged            |    48 |    21 |   138 |   220 |   425 |     6 ||   858
Block: Other             |       |       |       |       |     6 |     6 ||    12
       Reflection        |       |       |       |       |     4 |       ||     4
